 Dungeon Crawl Stone Soup version 0.16-a0-2839-gd16e107 (webtiles) character file.

66787 Johnny the Prestidigitator (level 14, -6/113 HPs)
             Began as a Demigod Wanderer on Nov 28, 2014.
             Hit by a large rock thrown by a cyclops (35 damage)
             ... on level 2 of the Shoals on Nov 29, 2014.
             The game lasted 02:18:55 (31886 turns).

Johnny the Prestidigitator (Demigod Wanderer)      Turns: 31886, Time: 02:18:55

Health: -6/113     AC: 12    Str: 16    XL:     14   Next: 41%
Magic:  8/33       EV: 25    Int: 21    God:
Gold:   1716       SH:  0    Dex: 25    Spells: 4 memorised, 16 levels left

rFire  + . .     SeeInvis .     j - lantern of shadows
rCold  + + .     Clarity  .     u - +2 robe {MR+}
rNeg   . . .     SustAb   +     (no shield)
rPois  .         Gourm    .     K - +2 helmet
rElec  .         Spirit   .     h - +3 cloak of Relativism {rC++}
rCorr  .         Warding  .     I - +0 pair of gloves
rMut   +         Stasis   .     (no boots)
MR     ++...                    m - amulet of resist mutation
Stlth  ..........               S - ring of protection from fire
                                X - +6 ring of dexterity

@: very resistant to hostile enchantments, extremely unstealthy
A: clever 1, sustain abilities
a: no special abilities


You were on level 2 of the Shoals.
You were near starving.

You visited 4 branches of the dungeon, and saw 27 of its levels.
You also visited: Labyrinth and Sewer.

You collected 2876 gold pieces.
You spent 1160 gold pieces at shops.

Inventory:

Hand weapons
 a - the +10 quarterstaff of Terror {venom, Int+3}
   (You found it on level 5 of the Lair of Beasts)

   It poisons the flesh of those it strikes.
   It affects your intelligence (+3).
Armour
 h - the +3 cloak of Relativism (worn) {rC++}
   (You found it in a labyrinth)

   It greatly protects you from cold.
 u - a +2 robe of magic resistance (worn)
 I - a +0 pair of gloves (worn)
 K - a +2 helmet (worn)
Jewellery
 d - an uncursed ring of poison resistance {unknown}
 e - the ring "Wikkije" {+Fly rElec Int+2 Dex+2 Stlth-}
   (You found it in a labyrinth)

   [ring of loudness]

   It affects your intelligence (+2).
   It affects your dexterity (+2).
   It insulates you from electricity.
   It lets you fly.
   It makes you less stealthy.
 m - an amulet of resist mutation (around neck)
 O - an uncursed ring of flight
 S - a ring of protection from fire (right hand)
 X - a +6 ring of dexterity (left hand)
Magical devices
 b - a wand of lightning (3)
 r - a wand of fire (0)
 t - a wand of enslavement (14)
 v - a wand of teleportation (5)
 L - a wand of disintegration (16)
 U - a wand of draining (0)
 W - a wand of disintegration (11)
 Y - a wand of teleportation (3)
Scrolls
 c - 4 scrolls of amnesia
 i - 9 scrolls of teleportation
 n - a scroll of vulnerability
 q - 6 scrolls of remove curse
 y - a scroll of silence
 z - 7 scrolls of blinking
 D - 2 scrolls of fog
 F - 10 scrolls of magic mapping
 H - 3 scrolls of recharging
 J - 2 scrolls of fear
Potions
 g - a potion of cure mutation
 l - a potion of berserk rage
 p - a potion of mutation
 s - a potion of flight
 w - 2 potions of restore abilities
 A - 6 potions of heal wounds
 E - 8 potions of curing
 M - 4 potions of brilliance {unknown}
 N - 4 potions of might
 Q - 2 potions of agility {unknown}
 R - 6 potions of resistance
 V - 2 potions of haste
Miscellaneous
 j - a lantern of shadows (in hand)
 x - a lamp of fire (inert, charging)
 P - a stone of tremors (inert, charging)
Comestibles
 f - 13 bread rations
 k - 11 meat rations
 o - 3 royal jellies
 B - 4 slices of pizza
 C - 9 beef jerkies
 T - a fruit


   Skills:
 * Level 7.3 Fighting
 - Level 3.2 Staves
 - Level 1.0 Armour
 * Level 12.1 Dodging
 - Level 3.3 Stealth
 * Level 9.5 Spellcasting
 + Level 3.8 Conjurations
 + Level 3.0 Charms
 + Level 2.8 Necromancy
 + Level 4.2 Ice Magic
 * Level 9.7 Air Magic
 * Level 13.1 Evocations


You had 16 spell levels left.
You knew the following spells:

 Your Spells              Type           Power        Failure   Level  Hunger
a - Airstrike             Air            ##........   1%          4    ##.....
b - Freezing Cloud        Conj/Ice/Air   #.........   89%         6    ######.
c - Regeneration          Chrm/Necr      #.........   10%         3    None
d - Mephitic Cloud        Conj/Pois/Air  #.......     3%          3    None


Dungeon Overview and Level Annotations

Branches:
Dungeon (13/15)            Temple (0/1) D:5            Lair (8/8) D:8
 Shoals (2/5) Lair:4       Spider (0/5) Lair:5        Slime (0/6) Lair:7
    Orc (4/4) D:12            Elf (0/3) Orc:4        Vaults (0/5) D:13

Shops:
D:6 *   Orc:4 *!![

Portals:
Hell: Lair:8

Annotations:
Lair:7 runed door


Innate Abilities, Weirdness & Mutations

Your attributes are resistant to harm.
Your mind is acute. (Int +2)


Message History

What do you say? t - Shout!
Orders for allies: a - Attack new target. p - Attack previous target. r - Retreat! s - Stop attacking. w - Wait here. f - Follow me.
Anything else - Stay silent.
Gang up on whom?
Press: ? - help, Dir - move target cursor, f/p - sea snake
Aim: a sea snake (heavily wounded) Attack!
Unknown command.
You swap places.
The sea snake is engulfed in roaring flames.
Your shadow misses the sea snake.
Unknown command.
The sea snake bites your shadow!
Your fire elemental hits the sea snake.
Your fire elemental burns the sea snake!
The cyclops throws a large rock.
The large rock misses your shadow. The large rock hits you!!
You die...

≈≈≈≈≈≈≈≈≈≈≈≈≈≈≈≈
≈≈≈≈≈≈≈≈≈≈≈≈≈≈≈≈≈≈≈
≈≈≈≈≈≈≈≈≈≈≈≈≈≈≈≈≈≈..
≈≈≈≈≈≈≈≈≈≈≈≈≈≈≈≈C...
≈≈≈≈≈≈≈≈≈≈≈≈≈≈≈≈≈.#
≈≈≈≈≈≈≈≈≈≈≈≈≈†≈≈(.#
≈≈≈≈≈≈≈≈≈≈≈≈≈)≈≈.## .§
≈≈≈≈≈≈≈≈..≈≈≈...W###§§§≈
≈≈≈≈≈≈≈≈≈≈≈≈....@WSE§§.)
≈≈≈≈≈≈≈≈≈≈≈≈..PPPPP≈§§PP
≈≈≈≈≈≈≈≈≈...≈≈≈P#####≈≈
.≈≈..≈≈≈≈≈<.≈≈### #
......≈≈≈..P≈##
#.....≈≈≈..≈##
##.........P#
#####.....≈# #.....≈#


You could see a sea snake, a cyclops, a friendly fire elemental and 2 friendly
shadows.

Vanquished Creatures
  A frost giant (Shoals:2)
  2 merfolk impalers
  2 centaur warriors (D:13)
  A hydra (Lair:8)
  7 death yaks (Lair:8)
  2 orc high priests (Orc:4)
  A sun demon (Lair:8)
  3 sea snakes (Shoals:2)
  7 harpies
  A wizard (Lair:8)
  An orc sorcerer (Orc:4)
  An orc knight (Orc:4)
  A manticore (Shoals:2)
  3 spiny frogs
  Psyche (D:10)
  A komodo dragon (Lair:6)
  A spriggan druid (Lair:6)
  A blue devil (Lair:8)
  A two-headed ogre (D:12)
  3 blink frogs (Lair:7)
  A merfolk (Shoals:1)
  A yak (Lair:6)
  A water elemental (Shoals:1)
  A shadow (Shoals:2)
  A wyvern (D:12)
  2 water moccasins
  A porcupine (Lair:6)
  An orc warrior (D:11)
  A giant frog (D:9)
  3 killer bees (D:10)
  5 orc priests
  A hound (D:13)
  A worker ant (D:12)
  2 adders
  3 river rats
  A giant mite (D:2)
  2 giant geckos (D:1)
  8 orcs
  8 goblins
  A hobgoblin (D:1)
  5 jackals
  5 bats
  3 giant cockroaches
  14 kobolds
  3 quokkas
  6 rats
122 creatures vanquished.

Vanquished Creatures (collateral kills)
  A kraken (Shoals:2)
  Louise (Shoals:1)
  Gastronok (D:8)
  A dire elephant (Lair:8)
  A minotaur (Lab)
  The ghost of Somebody the Reanimator, a powerful DgTm (Lair:6)
  A vault guard (D:13)
  Fannar (Lair:4)
  Harold (D:10)
  3 hydras
  A merfolk avatar (Shoals:2)
  Erica (Lair:4)
  A merfolk aquamancer (Shoals:1)
  10 death yaks
  An orc high priest (Orc:4)
  A catoblepas (Lair:4)
  3 sea snakes
  An unseen horror (D:13)
  2 hill giants
  A fire crab (Lair:7)
  3 orc knights (Orc:4)
  A faun (Shoals:2)
  2 ugly things
  4 harpies
  A water nymph (Shoals:2)
  4 orc sorcerers
  5 griffons
  A sixfirhy (Lair:8)
  2 manticores
  10 black mambas
  A siren (Shoals:1)
  21 elephants
  A smoke demon (Lair:8)
  A centaur zombie (D:12)
  A torpor snail (Lair:8)
  The ghost of Engwar the Conjurer, an experienced DEFE (D:7)
  An eye of devastation (Lair:7)
  4 orange demons (Lair:8)
  14 spiny frogs
  7 fire drakes
  8 komodo dragons
  An efreet (D:13)
  3 trolls
  A minotaur zombie (Lab)
  14 merfolk
  14 blink frogs
  A red devil (Lair:8)
  A polar bear (Lair:6)
  4 blue devils (Lair:8)
  A two-headed ogre (D:9)
  A minotaur skeleton (Lab)
  A giant leech (Lair:5)
  A trapdoor spider zombie (D:9)
  4 redbacks (Lair:5)
  2 deep elf magi (D:12)
  2 basilisks
  2 water elementals (Shoals:1)
  A shadow (D:12)
  A tarantella (Lair:5)
  A vampire (D:13)
  3 wyverns
  70 yaks
  Eustachio (Orc:2)
  A hungry ghost (Lab)
  5 wolves
  An orc skeleton (Orc:4)
  14 hippogriffs
  6 water moccasins
  The ghost of Kemay the Ducker, an average OpTm (D:3)
  8 porcupines
  A black bear (D:9)
  10 ogres
  20 orc warriors
  3 boring beetles
  24 crocodiles
  2 yellow wasps (D:11)
  8 spiders (Lair:5)
  3 phantoms
  An ice beast (D:9)
  4 centaurs
  2 brain worms
  Sigmund (D:5)
  A big kobold (D:9)
  18 giant frogs
  4 scorpions
  18 killer bees
  A water moccasin skeleton (D:11)
  18 wights
  2 electric eels
  5 crimson imps
  3 giant frog zombies
  3 quasits
  3 centaur skeletons
  A gnoll shaman (D:4)
  7 hounds
  22 orc priests
  7 jellies
  11 worker ants
  8 iguanas
  41 orc wizards
  21 sheep
  Jessica (D:3)
  A worker ant zombie (D:11)
  20 adders
  55 river rats
  9 gnolls
  3 worms (D:2)
  3 shadow imps
  An adder zombie (D:7)
  An adder skeleton (D:5)
  4 oozes
  4 giant geckos
  137 orcs
  5 giant cockroaches
  9 hobgoblins
  9 jackals
  17 kobolds
  9 quokkas
  A ball python (D:4)
  6 bats
  A giant newt (D:4)
  13 goblins
  A goblin zombie (Orc:4)
  A jackal skeleton (D:4)
  A jackal zombie (D:7)
  9 rats
  A spectral orc (Lair:2)
  A fungus (Lair:4)
  3 plants (Lair:8)
  2 tentacles (Shoals:2)
894 creatures vanquished.

Vanquished Creatures (others)
  2 drowned souls (Shoals:2)
  2 fire elementals
  360 shadows
  2 earth elementals (Shoals:2)
  4 fungi
  8 plants
  6 tentacles (Shoals:2)
  299 tentacle segments (Shoals:2)
683 creatures vanquished.

Grand Total: 1699 creatures vanquished

Notes
Turn   | Place    | Note
--------------------------------------------------------------
     0 | D:1      | Johnny, the Demigod Wanderer, began the quest for the Orb.
     0 | D:1      | Johnny set off with: a +2 quarterstaff, a potion of curing, a potion of lignification, a +0 robe, a +0 dagger, a bread ration
     0 | D:1      | Reached XP level 1. HP: 19/19 MP: 2/2
   449 | D:1      | Reached XP level 2. HP: 21/27 MP: 3/3
  1240 | D:2      | Reached skill level 1 in Dodging
  1240 | D:2      | Reached skill level 1 in Spellcasting
  1248 | D:2      | Reached XP level 3. HP: 11/33 MP: 4/6
  1843 | D:3      | Found a glowing drain.
  1871 | Sewer    | Entered a sewer
  2024 | Sewer    | Noticed Purgy
  2165 | D:3      | Noticed Kemay's ghost (average OpTm)
  2173 | D:3      | Killed Kemay's ghost
  2173 | D:3      | Reached skill level 1 in Evocations
  2173 | D:3      | Reached XP level 4. HP: 14/40 MP: 7/9
  2188 | D:3      | Noticed Jessica
  2913 | D:2      | Reached XP level 5. HP: 46/46 MP: 10/10
  3113 | D:2      | Noticed an ogre
  3146 | D:2      | Killed an ogre
  3318 | D:3      | Killed Jessica
  3362 | D:3      | Found a sacrificial altar of Ru.
  3682 | D:4      | Reached skill level 4 in Fighting
  3727 | D:4      | Reached XP level 6. HP: 30/52 MP: 14/14
  3835 | D:4      | Found an ancient bone altar of Kikubaaqudgha.
  4070 | D:4      | Found a sparkling altar of Nemelex Xobeh.
  4120 | D:4      | Found a glowing golden altar of the Shining One.
  4364 | D:4      | Noticed an ogre
  4393 | D:4      | Killed an ogre
  4467 | D:4      | Found a snail-covered altar of Cheibriados.
  4861 | D:5      | Entered Level 5 of the Dungeon
  5207 | D:5      | Noticed Sigmund
  5209 | D:5      | Reached XP level 7. HP: 38/59 MP: 17/17
  5214 | D:5      | Killed Sigmund
  5393 | D:5      | Found a bloodstained altar of Trog.
  5458 | D:5      | Found a staircase to the Ecumenical Temple.
  5634 | D:5      | Found a basalt altar of Yredelemnul.
  6037 | D:6      | Found Gozag's Nutrition Petition.
  6038 | D:6      | Found an opulent altar of Gozag.
  6966 | D:7      | Reached skill level 5 in Evocations
  7034 | D:7      | Noticed Engwar's ghost (experienced DEFE)
  7038 | D:7      | Killed Engwar's ghost
  7291 | D:7      | Reached skill level 5 in Dodging
  7361 | D:8      | Reached XP level 8. HP: 66/66 MP: 19/19
  7400 | D:8      | Found a staircase to the Lair.
  7468 | D:8      | Reached skill level 6 in Evocations
  7495 | D:8      | Noticed Gastronok
  7505 | D:8      | Killed Gastronok
  7505 | D:8      | Reached skill level 7 in Evocations
  7789 | Lair:1   | Entered Level 1 of the Lair of Beasts
  8038 | Lair:1   | Reached XP level 9. HP: 71/71 MP: 22/22
  8038 | Lair:1   | Reached skill level 8 in Evocations
  8491 | Lair:2   | Noticed a spiny frog
  8496 | Lair:2   | Killed a spiny frog
  8524 | Lair:2   | Noticed Nergalle
  8598 | Lair:2   | Learned a level 4 spell: Airstrike
  8614 | Lair:2   | Noticed a black mamba
  8615 | Lair:2   | Noticed a komodo dragon
  8620 | Lair:2   | Killed a black mamba
  8648 | Lair:2   | Killed a komodo dragon
  8648 | Lair:2   | Reached skill level 1 in Air Magic
  8785 | Lair:2   | Noticed a black mamba
  8798 | Lair:2   | Killed a black mamba
  9071 | Lair:2   | Noticed a black mamba
  9089 | Lair:2   | Killed a black mamba
  9131 | Lair:2   | Reached skill level 9 in Evocations
  9312 | Lair:2   | Found a white marble altar of Elyvilon.
  9483 | Lair:2   | Got a jewelled cloak
  9495 | Lair:2   | Identified the cursed -3 cloak of Dim Light {Slay+3} (You found it on level 2 of the Lair of Beasts)
  9651 | Lair:2   | Noticed Nergalle
  9651 | Lair:2   | Nergalle changed into Nergalle the draconian
  9655 | Lair:2   | Noticed Nergalle
  9655 | Lair:2   | Nergalle the draconian changed into Nergalle the black mamba
  9675 | Lair:2   | Killed Nergalle the black mamba
 10115 | Lair:3   | Noticed a black mamba
 10121 | Lair:3   | Killed a black mamba
 10185 | Lair:3   | Noticed a komodo dragon
 10200 | Lair:3   | Killed a komodo dragon
 10396 | Lair:3   | Noticed a komodo dragon
 10404 | Lair:3   | Killed a komodo dragon
 10438 | Lair:3   | Reached XP level 10. HP: 78/78 MP: 25/25
 11130 | Lair:4   | Noticed Erica
 11137 | Lair:4   | Killed Erica
 11560 | Lair:4   | Noticed a catoblepas
 11576 | Lair:4   | Killed a catoblepas
 11766 | Lair:4   | Noticed a manticore
 11768 | Lair:4   | Noticed a griffon
 11779 | Lair:4   | Killed a manticore
 11784 | Lair:4   | Killed a griffon
 11796 | Lair:4   | Found a staircase to the Shoals.
 12040 | Lair:4   | Reached skill level 10 in Evocations
 12109 | Lair:4   | Noticed a death yak
 12109 | Lair:4   | Noticed a death yak
 12112 | Lair:4   | Noticed a death yak
 12118 | Lair:4   | Killed a death yak
 12119 | Lair:4   | Noticed a death yak
 12122 | Lair:4   | Killed a death yak
 12122 | Lair:4   | Reached skill level 5 in Spellcasting
 12129 | Lair:4   | Killed a death yak
 12189 | Lair:4   | Reached skill level 5 in Air Magic
 12193 | Lair:4   | Killed a death yak
 12236 | Lair:4   | Reached XP level 11. HP: 61/84 MP: 27/27
 12468 | Lair:4   | Noticed Fannar
 12472 | Lair:4   | Killed Fannar
 12933 | Lair:5   | Noticed a death yak
 12933 | Lair:5   | Noticed a death yak
 12933 | Lair:5   | Noticed a death yak
 12933 | Lair:5   | Noticed a death yak
 12938 | Lair:5   | Noticed a death yak
 12939 | Lair:5   | Noticed a death yak
 12971 | Lair:5   | Found a labyrinth entrance.
 12977 | Lab      | Entered a labyrinth
 13560 | Lab      | Noticed a minotaur
 13621 | Lab      | Killed a minotaur
 13715 | Lab      | Got a shimmering pewter ring
 13716 | Lab      | Got a shimmering cloak
 13728 | Lab      | Identified the +3 cloak of Relativism {rC++} (You found it in a labyrinth)
 13729 | Lab      | Identified the ring "Wikkije" {+Fly rElec Int+2 Dex+2 Stlth-} (You found it in a labyrinth)
 13918 | Lair:5   | Killed a death yak
 13920 | Lair:5   | Killed a death yak
 13922 | Lair:5   | Killed a death yak
 13924 | Lair:5   | Killed a death yak
 13929 | Lair:5   | Killed a death yak
 13934 | Lair:5   | Killed a death yak
 13934 | Lair:5   | Reached skill level 10 in Dodging
 13934 | Lair:5   | Reached skill level 11 in Evocations
 14051 | Lair:5   | Got a faintly glowing quarterstaff
 14053 | Lair:5   | Identified the +10 quarterstaff of Terror {venom, Int+3} (You found it on level 5 of the Lair of Beasts)
 14451 | Lair:5   | Found a hole to the Spider Nest.
 14816 | Lair:5   | Found a staircase to the Swamp.
 15878 | Lair:6   | Reached XP level 12. HP: 86/92 MP: 2/29
 15986 | Lair:6   | Noticed a seven-headed hydra
 15996 | Lair:6   | Killed a seven-headed hydra
 16025 | Lair:6   | Learned a level 6 spell: Freezing Cloud
 16089 | Lair:6   | Noticed Somebody's ghost (powerful DgTm)
 16099 | Lair:6   | Killed Somebody's ghost
 16142 | Lair:6   | Noticed a five-headed hydra
 16154 | Lair:6   | Killed a five-headed hydra
 16472 | Lair:7   | Reached skill level 1 in Conjurations
 16863 | Lair:7   | Found a runed door.
 16863 | Lair:7   | Found a viscous altar of Jiyva.
 16864 | Lair:7   | Found a staircase to the Slime Pits.
 17038 | Lair:7   | Reached skill level 5 in Fighting
 17079 | Lair:7   | Reached skill level 1 in Ice Magic
 17646 | Lair:8   | Entered Level 8 of the Lair of Beasts
 17969 | Lair:8   | Noticed a dire elephant
 18057 | Lair:8   | Killed a dire elephant
 18220 | Lair:8   | Found a burning altar of Makhleb.
 18550 | Lair:8   | Noticed an eight-headed hydra
 18724 | Lair:8   | Reached skill level 12 in Evocations
 18792 | Lair:8   | Reached XP level 13. HP: 87/101 MP: 28/32
 18903 | Lair:8   | Killed an eight-headed hydra
 19192 | Lair:8   | Learned a level 3 spell: Regeneration
 19357 | Lair:8   | Noticed an eight-headed hydra
 19375 | Lair:8   | Killed an eight-headed hydra
 19601 | Lair:8   | Found a gateway to Hell.
 20142 | Lair:1   | Learned a level 3 spell: Mephitic Cloud
 20462 | D:9      | Reached skill level 1 in Necromancy
 20653 | D:9      | Found a white marble altar of Elyvilon.
 20654 | D:9      | Found a glowing silver altar of Zin.
 20655 | D:9      | Found a shimmering altar of Xom.
 20657 | D:9      | Found a deep blue altar of Sif Muna.
 21345 | D:10     | Entered Level 10 of the Dungeon
 21538 | D:10     | Noticed Psyche
 21546 | D:10     | Killed Psyche
 21677 | D:10     | Noticed Harold
 21687 | D:10     | Killed Harold
 23123 | D:12     | Reached skill level 1 in Charms
 23262 | D:12     | Found a staircase to the Orcish Mines.
 23338 | Orc:1    | Entered Level 1 of the Orcish Mines
 24207 | Orc:3    | Found a shimmering altar of Xom.
 24494 | Orc:4    | Entered Level 4 of the Orcish Mines
 24494 | Orc:4    | Found a staircase to the Elven Halls.
 25561 | Orc:4    | Found Miaguk's Distillery.
 25561 | Orc:4    | Found Jeckel's Assorted Antiques.
 25563 | Orc:4    | Found Tagedoso's Armour Shop.
 25563 | Orc:4    | Found Mnaiqiur's Distillery.
 25748 | Orc:4    | Bought a scroll of blinking for 240 gold pieces
 25751 | Orc:4    | Bought a potion of haste for 120 gold pieces
 25751 | Orc:4    | Bought a potion of resistance for 120 gold pieces
 25751 | Orc:4    | Bought a potion of curing for 36 gold pieces
 25762 | Orc:4    | Bought a potion of curing for 42 gold pieces
 25762 | Orc:4    | Bought a potion of haste for 140 gold pieces
 25762 | Orc:4    | Bought 2 potions of resistance for 280 gold pieces
 25762 | Orc:4    | Bought a potion of curing for 42 gold pieces
 25762 | Orc:4    | Bought a potion of resistance for 140 gold pieces
 25803 | Orc:2    | Noticed Eustachio
 25809 | Orc:2    | Killed Eustachio
 26112 | Orc:2    | Paralysed by an orc sorcerer for 3 turns
 26367 | D:12     | Upgraded the game from 0.16-a0-2818-g1ef6e07 to 0.16-a0-2839-gd16e107
 27354 | D:13     | Found a gate to the Vaults.
 29347 | Shoals:1 | Entered Level 1 of the Shoals
 29357 | Shoals:1 | Reached XP level 14. HP: 93/111 MP: 13/33
 30180 | Shoals:1 | Gained mutation: Your mind is acute. (Int +2) [potion of beneficial mutation]
 30480 | Shoals:1 | Noticed Louise
 30497 | Shoals:1 | Killed Louise
 31183 | Shoals:2 | Reached skill level 13 in Evocations
 31569 | Shoals:2 | Noticed a kraken
 31601 | Shoals:2 | Killed a kraken
 31850 | Shoals:2 | Noticed a frost giant
 31872 | Shoals:2 | Killed a frost giant
 31886 | Shoals:2 | Hit by a large rock thrown by a cyclops

Action                   |  1- 3 |  4- 6 |  7- 9 | 10-12 | 13-15 || total
-------------------------+-------+-------+-------+-------+-------++-------
Melee: Quarterstaff      |   121 |     2 |       |       |       ||   123
 Cast: Airstrike         |       |       |       |    67 |   262 ||   329
       Regeneration      |       |       |       |       |    11 ||    11
Evoke: Wand              |    11 |     2 |     7 |    10 |    10 ||    40
       Lamp of fire      |       |       |       |     2 |     2 ||     4
       Stone of tremors  |       |       |       |       |     2 ||     2
  Use: Potion            |     7 |       |     1 |     2 |     4 ||    14
       Scroll            |     5 |     2 |    12 |    12 |     8 ||    39
 Stab: Sleeping          |     4 |       |       |       |       ||     4
  Eat: Chunk             |     4 |     9 |    14 |    29 |    52 ||   108
       Beef jerky        |       |       |     1 |     2 |     1 ||     4
       Fruit             |       |       |       |     1 |     6 ||     7
